 Dungeon Crawl Stone Soup version 0.32-a0-576-g706899e69d (webtiles) character file.

Game seed: 10991567392301644980

43 Malificent the Ruffian (level 3, 0/34 HPs)
             Began as an Octopode Shapeshifter on Mar 2, 2024.
             Slain by a ribbon worm (5 damage)
             ... on level 2 of the Dungeon.
             The game lasted 00:03:19 (1189 turns).

Malificent the Ruffian (Octopode Shapeshifter)      Turns: 1189, Time: 00:03:19

Health: 0/34       AC: 21    Str: 15    XL:     3   Next: 58%
Magic:  3/3        EV:  2    Int: 12    God:
Gold:   79         SH:  0    Dex: 11    Spells: 2/2 levels left

rFire   . .          .
                       - Unarmed
rCold   . . .        (no shield)
rNeg    . . .        (helmet currently unavailable)
rPois   +            (no amulet)
rElec   .            (no ring)
rCorr   .            (no ring)
SInv    .            (no ring)
Will    .....        (no ring)
Stlth   ++           (no ring)
HPRegen 0.25/turn    (no ring)
MPRegen 0.08/turn    (no ring)
                     (no ring)

%: no passive effects
@: lethally poisoned (0 -> -1), tree-form
A: stationary, stasis, torment immunity, boosted hp, almost no armour,
(amphibious), 8 rings, (camouflage 1), (gelatinous body 1), (nimble swimmer 1),
(tentacles), (iridescent scales 1), wild magic 1
a: no special abilities


You were on level 2 of the Dungeon.
You were a tree.
You visited 1 branch of the dungeon, and saw 2 of its levels.

You collected 79 gold pieces.

Inventory:

Missiles
 h - 12 poisoned darts (quivered)
Talismans
 b - a beast talisman (active)
 c - a flux talisman
Scrolls
 d - a scroll of noise {unknown}
 e - a scroll of teleportation {unknown}


   Skills:
 + Level 1.0 Fighting
 * Level 2.2 Dodging
 + Level 1.2 Stealth
 * Level 3.5 Unarmed Combat
 * Level 3.5 Shapeshifting


You had 2 spell levels left.
You didn't know any spells.
Your spell library was empty.

Dungeon Overview and Level Annotations

Branches:
Dungeon (2/15)

Altars:


Innate Abilities, Weirdness & Mutations

You are a tree.
Your roots penetrate the ground, keeping you stationary.
You cannot be teleported.
You are immune to unholy pain and torment.
Your maximum health is greatly increased.
You cannot wear most types of armour.
((You are amphibious.))
You can wear up to eight rings at the same time.
((Your skin changes colour to match your surroundings (Stealth+).))
((Your rubbery body absorbs attacks. (AC +1, EV +1)))
((You are camouflaged when in or above water. (Stealth+)))
((You have tentacles for arms and can constrict up to eight enemies at once.))
((You are partially covered in iridescent scales. (AC +2)))
Your spells are a little harder to cast, but a little more powerful.


Message History

You tentacle-slap the goblin. Your grab misses the goblin.
The goblin is severely wounded.
You feel sick. The ball python closely misses you.
The ball python completely misses you. The goblin hits you but does no damage.
You are more poisoned.
You bludgeon the goblin!
You kill the goblin!
You feel very sick.
The ball python bites you but does no damage.
The ball python misses you.
Found a long sword.
You feel sick. The ball python barely misses you.
The ball python closely misses you.
Things that are here:
a +1 dagger of venom; a goblin corpse You closely miss the ball python.
You grab the ball python. You squeeze the ball python.
You kill the ball python!
You feel sick.
You tentacle-slap the ribbon worm. You grab the ribbon worm.
The ribbon worm is lightly wounded.
You constrict the ribbon worm.
You feel sick.
The ribbon worm expels a string of sticky webbing.
The stream of webbing hits you but does no damage.
You are caught in a web!
The web tears apart.
You constrict the ribbon worm.
You feel sick. The ribbon worm bites you.
* * * LOW HITPOINT WARNING * * *
You tentacle-slap the ribbon worm but do no damage.
The ribbon worm is moderately wounded.
You constrict the ribbon worm.
* * * LOW HITPOINT WARNING * * *
You feel sick.
Your transformation has ended.
You turn into a tree.
Your roots penetrate the ground.
You lose your grip on the ribbon worm.
You feel sick.
The ribbon worm bites you but does no damage.
You hit the ribbon worm.
The ribbon worm is severely wounded.
You feel sick. The ribbon worm bites you.
You die...

##..)##
##.....####
.#.......#.##
............##
.........)...#.
............!...
.................
........w♣.......
..............#.
###
........$....##
#.##
.#.......#.##
#..# ##....?####
#..# ##...## #..#
#####.##
#..####.###..#
####............#


You could see a ribbon worm.

Vanquished Creatures
  A ribbon worm (D:2)
  2 ball pythons
  5 bats
  5 endoplasms
  A giant cockroach (D:1)
  A goblin (D:2)
  4 hobgoblins
  3 jackals
  2 kobolds (D:1)
  2 quokkas (D:1)
  2 frilled lizards (D:1)
  8 rats
36 creatures vanquished.

Notes
Turn   | Place    | Note
-------+----------+-------------------------------------------
     0 | D:1      | Malificent the Octopode Shapeshifter began the quest for
                  | the Orb.
     0 | D:1      | Reached XP level 1. HP: 13/13 MP: 1/1
   101 | D:1      | Reached XP level 2. HP: 18/18 MP: 2/2
   525 | D:1      | Reached XP level 3. HP: 23/23 MP: 3/3
   834 | D:1      | Gained mutation: Your spells are a little harder to cast,
                  | but a little more powerful. [potion of mutation]
   834 | D:1      | Gained mutation: You are partially covered in iridescent
                  | scales. (AC +2) [potion of mutation]
  1053 | D:2      | Reached skill level 1 in Stealth
  1189 | D:2      | Slain by a ribbon worm

Illustrated notes

Levels and vault maps discovered:
D:1:      psy_arrival_basics, layout_loops_ring, minmay_misc_feat_alley
D:2:      layout_loops_ring, nicolae_figureground_pulse

Skill      XL: |  1  2  3 |
---------------+----------+-----
Stealth        | 1 |  1.2
Fighting       | |  1.0
Dodging        | |  2.2
Unarmed Combat | |  3.5
Shapeshifting  | |  3.5

Action                     || total
---------------------------++-------
  Melee: Unarmed           ||    57
         Constrict         ||    11
         Tentacles         ||    11
  Throw: Dart              ||     1
    Use: Potion            ||     4
         Scroll            ||     3
   Stab: Sleeping          ||     6
 Armour: Skin              ||    23
  Dodge: Dodged            ||    28

Table legend: (Time is in decaauts)
 A = Elapsed time spent in this place.
 B = Non-inter-level travel time spent in this place.
 C = Inter-level travel time spent in this place.
 D = Time resting spent in this place.
 E = Time spent auto-exploring this place.
 F = Levels seen in this place.
 G = Mean time per level.
                   A        B        C        D        E       F      G
               +--------+--------+--------+--------+--------+-----+--------+
         Total |   1186 |   1157 |     29 |    104 |    752 |   2 |  593.0 |
       Dungeon |   1186 |   1157 |     29 |    104 |    752 |   2 |  593.0 |
               +--------+--------+--------+--------+--------+-----+--------+

Top non-repeatable levels by time:
     D:1: 878 daAuts
     D:2: 307 daAuts
